 Dungeon Crawl Stone Soup version 0.29-a0-409-gd843f3a48c (webtiles) character file.

Game seed: 11797723523929731936

2 trckry the Caller (level 1, 0/10 HPs)
             Began as a Tengu Summoner on May 13, 2022.
             Slain by a hobgoblin (4 damage)
             ... on level 1 of the Dungeon.
             The game lasted 00:00:40 (85 turns).

trckry the Caller (Tengu Summoner)                    Turns: 85, Time: 00:00:40

Health: 0/10       AC:  3    Str:  8    XL:     1   Next: 40%
Magic:  0/4        EV: 12    Int: 15    God:
Gold:   0          SH:  0    Dex: 14    Spells: 3/4 levels left

rFire   . . .      SeeInvis .   (no weapon)
rCold   . . .      Faith    .   (no shield)
rNeg    . . .      Spirit   .   a - +0 robe
rPois   .          Reflect  .   (helmet restricted)
rElec   .          Harm     .   (no cloak)
rCorr   .          Rampage  .   c - +0 pair of gloves
Will    .....                   (boots unavailable)
Stlth   ++........              (no amulet)
HPRegen 0.03/turn               (no ring)
MPRegen 0.09/turn               (no ring)

@: no status effects
A: beak, talons 3
a: no special abilities


You were on level 1 of the Dungeon.
You visited 1 branch of the dungeon, and saw 1 of its levels.

Inventory:

Armour
 a - a +0 robe (worn)
 c - a +0 pair of gloves (worn)
Scrolls
 d - a scroll of noise {unknown}
Potions
 b - a potion of magic


   Skills:
 - Level 2.1 Dodging
 - Level 2.0 Stealth
 + Level 2.0 Spellcasting
 * Level 4.9 Summonings


You had 3 spell levels left.
You knew the following spells:

 Your Spells              Type           Power      Damage    Failure   Level
a - Summon Small Mammal   Summ           64%        N/A       2%          1

Your spell library contained the following spells:

 Spells                   Type           Power      Damage    Failure   Level
 Call Imp                 Summ           16%        N/A       4%          2
 Call Canine Familiar     Summ           16%        N/A       9%          3
 Summon Guardian Golem    Hex/Summ       9%         N/A       24%         3
 Summon Lightning Spire   Summ/Air       9%         N/A       61%         4


Dungeon Overview and Level Annotations

Branches:
Dungeon (1/15)

Altars:


Innate Abilities, Weirdness & Mutations

You have a beak for a mouth.
You have claws for feet.


Message History

Your bat hits the hobgoblin but does no damage.
Your bat hits the rat but does no damage.
Your bat hits the hobgoblin but does no damage.
The rat bites you but does no damage. The hobgoblin barely misses your bat.
Your bat hits the hobgoblin but does no damage.
Your bat hits the rat.
Your bat closely misses the rat.
The rat misses you.
Your bat hits the hobgoblin. The rat bites you but does no damage.
Your bat closely misses the rat.
Your bat barely misses the rat.
Your bat closely misses the hobgoblin.
The rat barely misses you. The hobgoblin hits your bat.
Your bat dies!
Your bat's corpse disappears in a puff of smoke!
The hobgoblin shouts!
The rat bites you but does no damage.
Your bat barely misses the rat.
The rat barely misses you.
Your bat hits the rat.
The rat dies!
The hobgoblin barely misses you.
Your bat hits the hobgoblin but does no damage.
The hobgoblin hits your bat.
Your bat dies!
Your bat's corpse disappears in a puff of smoke!
The hobgoblin shouts!
Casting: Summon Small Mammal (safe; 2% risk of failure)
Confirm with . or Enter, or press ? or * to list all spells.
The hobgoblin hits you.
You take 2 damage, and have 6/10 hp.
You now have 0/4 mp.
The hobgoblin attacks as you move away! The hobgoblin closely misses you.
Your bat hits the hobgoblin but does no damage.
The hobgoblin hits your bat.
Your bat dies!
Your bat's corpse disappears in a puff of smoke!
Casting: Summon Small Mammal (safe; 2% risk of failure)
Confirm with . or Enter, or press ? or * to list all spells.
The hobgoblin hits you.
You take 2 damage, and have 4/10 hp.
You now have 0/4 mp.
Your bat barely misses the hobgoblin.
Your bat completely misses the hobgoblin.
You see here a pink potion.
Your bat closely misses the hobgoblin.
The hobgoblin hits you.
You die...

### ... ... ##
##.####.## #.
#...##...# # #.
#.⌠.##.⌠.# .#
#.####.@.# ... $
#...###g## #.# .#
#.⌠.###b####.####.####.
#........§.............
##.##.....§....<.......
#......................
#.⌠.###.####.####.####.
#...# #.# #.# .# #.###
... ... .


You could see a hobgoblin (ally target) and a friendly bat (summoned).

Vanquished Creatures (collateral kills)
  A hobgoblin (D:1)
  A ball python (D:1)
  A rat (D:1)
3 creatures vanquished.

Notes
Turn   | Place    | Note
-------+----------+-------------------------------------------
     0 | D:1      | trckry the Tengu Summoner began the quest for the Orb.
     0 | D:1      | Reached XP level 1. HP: 10/10 MP: 4/4
    85 | D:1      | Slain by a hobgoblin

Illustrated notes

Levels and vault maps discovered:
D:1:      dpeg_arrival_chambers_temple_mockup, layout_loops_ring, minivault_11,
          minmay_liquid_box, minmay_pentomino_w2

Action                   || total
-------------------------++-------
 Cast: Summon Small Mamm ||     8
Armor: Robe              ||     5
Dodge: Dodged            ||     9

Table legend: (Time is in decaauts)
 A = Elapsed time spent in this place.
 B = Non-inter-level travel time spent in this place.
 C = Inter-level travel time spent in this place.
 D = Time resting spent in this place.
 E = Time spent auto-exploring this place.
 F = Levels seen in this place.
 G = Mean time per level.
                   A        B        C        D        E       F      G
               +--------+--------+--------+--------+--------+-----+--------+
         Total |     85 |     85 |      0 |      0 |     16 |   1 |   85.0 |
       Dungeon |     85 |     85 |      0 |      0 |     16 |   1 |   85.0 |
               +--------+--------+--------+--------+--------+-----+--------+

Top non-repeatable levels by time:
     D:1: 85 daAuts
